Map: Abyssal Reef LE

Players

Stephano

  • Race: Zerg Zerg
  • League: Master
  • Spawn Location: 5:00

RiSky - Winner!

  • Race: Zerg Zerg
  • League: Master
  • Spawn Location: 11:00

VOD

Have the link to the VOD?

Description

Time

  • Played on: Nov. 16, 2017, 12:46 p.m.
  • Length: 10:33
Show
View Real Time Build Order
Export as new Build Order

Stephano Zerg 

Build Orders: Hatch First 

Get SALT Encoding   

  12  0:00  Drone  
  13  0:13  Overlord  
  13  0:17  Drone  
  14  0:31  Drone x2  
  14  0:35  Drone  
  17  0:52  Hatchery  
  17  0:55  Drone  
  17  0:57  Drone  
  18  1:08  Extractor  
  17  1:12  Spawning Pool  
  17  1:16  Drone  
  17  1:19  Drone  
  18  1:28  Drone  
  19  1:39  Overlord  
  19  1:52  Drone  
  20  1:59  Queen  
  20  2:01  Zergling x2  
  23  2:04  Queen  
  23  2:05  Zergling x2  
  26  2:11  Metabolic Boost  
  26  2:12  Drone  
  27  2:16  Drone  
  28  2:23  Drone  
  29  2:34  Hatchery  
  29  2:36  Drone  
  29  2:42  Queen  
  31  2:45  Drone  
  31  2:48  Drone  
  33  2:54  Zergling x2  
  33  2:55  Overlord  
  34  3:02  Drone x2  
  36  3:09  Baneling Nest  
  35  3:13  Drone  
  35  3:15  Drone, Zergling x2  
  35  3:16  Drone  
  35  3:18  Drone  
  40  3:20  Drone  
  41  3:28  Overlord  
  41  3:30  Drone  
  41  3:33  Zergling x4  
  43  3:40  Zergling x2  
  44  3:47  Zergling x8  
  48  3:48  Zergling x2  
  48  3:54  Baneling x2  
  48  3:56  Baneling  
  47  4:03  Zergling x8  
  47  4:12  Queen x2  
  47  4:13  Drone x2  
  47  4:16  Drone  
  49  4:18  Drone x2  
  49  4:20  Queen  
  49  4:21  Drone  
  54  4:27  Drone x2  
  56  4:34  Drone x2  
  56  4:35  Extractor  
  57  4:39  Drone  
  57  4:40  Evolution Chamber  
  57  4:42  Drone  
  57  4:44  Overlord  
  58  4:47  Overlord  
  58  4:50  Overlord  
  58  4:58  Overlord, Lair  
  58  5:02  Extractor, Roach Warren  
  58  5:03  Drone x2  
  58  5:05  Extractor, Drone  
  58  5:09  Zerg Missile Weapons Level 1, Drone  
  58  5:12  Drone  
  60  5:14  Drone x2  
  60  5:19  Drone x3  
  65  5:26  Drone  
  67  5:28  Drone x2  
  67  5:29  Overlord, Drone  
  67  5:32  Drone x2  
  67  5:33  Drone  
  71  5:36  Drone x2  
  71  5:39  Drone  
  74  5:45  Overlord, Drone x2  
  74  5:47  Extractor  
  74  5:48  Extractor  
  74  5:49  Drone x2  
  75  5:51  Queen  
  75  5:56  Overlord  
  75  6:00  Overlord, Drone  
  73  6:05  Pneumatized Carapace  
  73  6:11  Roach  
  73  6:12  Roach x2  
  73  6:14  Infestation Pit  
  82  6:18  Roach x2  
  82  6:22  Glial Reconstitution  
  82  6:24  Roach  
  84  6:33  Hatchery  
  84  6:34  Roach  
  84  6:35  Roach x5  
  95  6:40  Drone x3  
  95  6:41  Drone  
  95  6:45  Burrow  
  99  6:52  Pathogen Glands  
  99  6:59  Roach x7  
  113  7:04  Ravager x2  
  113  7:05  Ravager  
  113  7:06  Roach  
  113  7:07  Overlord x2  
  118  7:12  Spine Crawler  
  117  7:16  Overlord  
  116  7:27  Roach x8  
  132  7:41  Roach x7  
  140  7:52  Drone  
  140  7:53  Infestor x2  
  145  8:01  Overlord x2  
  145  8:02  Zerg Missile Weapons Level 2  
  145  8:06  Spine Crawler  
  145  8:07  Overlord, Hatchery  
  143  8:13  Overseer  
  143  8:20  Infestor x2  
  143  8:26  Drone x3  
  150  8:27  Evolution Chamber  
  150  8:28  Spine Crawler  
  150  8:29  Infestor  
  150  8:30  Spine Crawler  
  150  8:34  Drone  
  150  8:38  Ravager x2  
  150  8:39  Spine Crawler  
  150  8:40  Spine Crawler, Ravager  
  151  8:41  Spine Crawler  
  151  8:46  Drone  
  151  8:47  Drone x2  
  153  8:50  Spine Crawler x2  
  153  9:02  Roach  
  153  9:04  Overlord x2  
  132  9:24  Roach x9  
  132  9:25  Roach x5  
  136  9:37  Roach x3  
  136  9:38  Roach x2  
  130  9:44  Unknown  
  130  9:45  Infestor x3  
  125  9:52  Infestor  
  129  9:58  Spine Crawler x2  
  129  9:59  Ravager  
  131  10:00  Spine Crawler, Ravager  
  131  10:06  Spine Crawler  
  129  10:07  Spine Crawler  
Show
View Real Time Build Order
Export as new Build Order

RiSky Zerg - Winner!

Build Orders: Hatch First 

Get SALT Encoding   

  12  0:00  Drone  
  13  0:12  Overlord  
  13  0:17  Drone  
  14  0:30  Drone x2  
  14  0:35  Drone  
  17  0:52  Hatchery  
  17  0:56  Drone  
  17  0:59  Drone  
  17  1:02  Extractor  
  17  1:15  Spawning Pool  
  17  1:18  Drone  
  17  1:21  Drone  
  18  1:27  Drone  
  19  1:39  Overlord  
  19  1:49  Drone  
  20  2:01  Queen, Drone  
  20  2:03  Metabolic Boost  
  20  2:05  Queen  
  25  2:09  Drone  
  25  2:13  Drone  
  25  2:15  Drone  
  28  2:24  Zergling x2  
  28  2:26  Drone  
  30  2:32  Zergling x2  
  31  2:39  Hatchery  
  31  2:41  Zergling x2  
  31  2:45  Overlord  
  31  2:48  Drone  
  32  2:53  Baneling Nest  
  32  2:54  Drone  
  32  2:59  Drone  
  33  3:05  Drone  
  33  3:10  Drone x2  
  33  3:12  Zergling x4  
  38  3:15  Overlord  
  38  3:19  Zergling x6  
  41  3:24  Drone  
  41  3:27  Drone  
  43  3:35  Queen  
  43  3:37  Drone  
  43  3:38  Baneling x2  
  43  3:39  Drone  
  43  3:40  Drone  
  43  3:41  Drone  
  49  3:44  Drone  
  49  3:46  Drone  
  49  3:47  Drone  
  52  3:51  Drone  
  52  3:53  Overlord  
  52  3:54  Drone  
  54  3:58  Drone  
  54  4:03  Drone  
  54  4:09  Drone  
  53  4:15  Extractor  
  52  4:17  Roach Warren, Zergling x2  
  52  4:21  Drone  
  52  4:22  Evolution Chamber, Overlord, Drone  
  52  4:23  Extractor, Drone  
  53  4:27  Overlord x2  
  53  4:28  Drone  
  53  4:30  Drone  
  55  4:34  Lair, Drone  
  55  4:36  Drone  
  57  4:41  Drone  
  57  4:44  Overlord, Drone  
  59  4:47  Drone x2  
  59  4:49  Zerg Missile Weapons Level 1  
  59  4:51  Overlord  
  59  4:52  Baneling  
  60  4:55  Drone x2  
  60  4:59  Drone x3  
  65  5:04  Overlord  
  65  5:07  Roach  
  67  5:08  Drone  
  67  5:11  Drone  
  67  5:12  Drone  
  70  5:17  Baneling x2  
  70  5:22  Extractor, Drone x3  
  70  5:23  Drone  
  70  5:24  Overlord  
  70  5:25  Drone  
  70  5:26  Drone x2  
  70  5:27  Overlord  
  70  5:28  Roach  
  78  5:34  Roach x3  
  83  5:40  Drone  
  83  5:41  Drone  
  84  5:44  Drone  
  84  5:45  Drone  
  84  5:48  Drone  
  87  5:52  Drone  
  87  5:53  Drone  
  87  5:56  Glial Reconstitution  
  88  5:57  Drone  
  88  6:00  Hydralisk Den  
  88  6:01  Drone  
  89  6:04  Roach x4, Extractor  
  89  6:05  Extractor  
  89  6:07  Roach  
  97  6:12  Overlord  
  97  6:15  Roach x2  
  97  6:16  Roach x2, Hatchery  
  104  6:21  Roach  
  104  6:22  Roach x2  
  110  6:26  Pneumatized Carapace  
  110  6:29  Roach x3  
  110  6:31  Overlord  
  110  6:32  Roach x2  
  120  6:36  Roach  
  120  6:37  Roach x2  
  125  6:44  Overlord  
  125  6:45  Roach x4  
  132  6:48  Overlord  
  132  6:51  Muscular Augments  
  132  6:53  Overlord  
  132  6:56  Overlord  
  136  7:01  Roach x3  
  136  7:04  Overlord  
  136  7:06  Zerg Missile Weapons Level 2  
  138  7:13  Overlord  
  138  7:14  Hydralisk x3  
  144  7:22  Hydralisk x2  
  148  7:24  Hydralisk  
  150  7:31  Hydralisk x2  
  154  7:38  Drone x6  
  154  7:39  Hydralisk x3  
  166  7:47  Hydralisk x2  
  166  7:51  Hydralisk x2  
  162  7:54  Roach x2  
  162  7:57  Overlord  
  170  7:59  Roach x2  
  170  8:04  Extractor  
  173  8:07  Drone x4  
  173  8:10  Overlord  
  173  8:12  Hydralisk x2  
  177  8:14  Lurker Den  
  177  8:17  Roach x2  
  184  8:26  Roach x5  
  194  8:31  Roach x2  
  194  8:32  Roach  
  200  8:44  Infestation Pit  
  199  8:58  Extractor  
  199  9:01  Overseer  
  172  9:17  Roach  
  172  9:18  Roach x12  
  174  9:25  Hydralisk x7  
  174  9:30  Roach x3  
  174  9:31  Roach x3  
  182  9:37  Roach x3  
  182  9:38  Roach  
  168  9:43  Roach x2  
  164  9:54  Roach x4  
  164  9:57  Roach x2, Hatchery  
  175  10:00  Roach  
  175  10:01  Roach x5  
  175  10:06  Roach x3  
  193  10:13  Roach x3  
  181  10:27  Ravager  
Tags
 
Add a new tag
Caveats
  • Supply blocks, unpowered buildings, or Contaminate may cause inaccurate times.
  • Supply counts are checked every 10 seconds.